 Dungeon Crawl Stone Soup version 0.26.1-11-gd32895ea62 (webtiles) character file.

Game seed: 5208108521589969162

17 Zeld the Insei (level 2, -2/18 HPs)
             Began as an Octopode Transmuter on May 27, 2021.
             Slain by an adder (4 damage)
             ... on level 3 of the Dungeon.
             The game lasted 00:00:44 (725 turns).

Zeld the Insei (Octopode Transmuter)                 Turns: 725, Time: 00:00:44

Health: -2/18      AC:  1    Str:  9    XL:     2   Next: 62%
Magic:  4/5        EV: 13    Int: 15    God:
Gold:   0          SH:  0    Dex: 12    Spells: 2/5 levels left

rFire    + . .     SeeInvis .     - Unarmed
rCold    . . .     Faith    .   (no shield)
rNeg     . . .     Spirit   .   (helmet currently unavailable)
rPois    .         Reflect  .   (no amulet)
rElec    .         Harm     .   e - ring of protection from fire
rCorr    .         Rampage  .   (no ring)
Will     .....                  (no ring)
Stlth    ++........             (no ring)
HPRegen  0.06/turn              (no ring)
MPRegen  0.09/turn              (no ring)
                                (no ring)
                                (no ring)

@: lethally poisoned (-2 -> -14), appendages
A: almost no armour, stealthy swim, amphibious, 8 rings, constrict 8, tentacle
spike 3, camouflage 1, gelatinous body 1
a: End Transformation


You were on level 3 of the Dungeon.
One of your tentacles had a temporary spike.
You visited 1 branch of the dungeon, and saw 3 of its levels.

Inventory:

Jewellery
 e - a ring of protection from fire (left tentacle)
Scrolls
 c - 3 scrolls of magic mapping {unknown}
 d - a scroll of identify {unknown}
Potions
 a - a potion of haste {unknown}
 b - a potion of flight {unknown}


   Skills:
 + Level 1.0 Fighting
 + Level 2.2 Dodging
 + Level 3.4 Unarmed Combat
 + Level 2.1 Spellcasting
 + Level 2.1 Transmutations


You had 2 spell levels left.
You knew the following spells:

 Your Spells              Type           Power        Failure   Level
a - Beastly Appendage     Tmut           16%          9%          1
b - Wereblood             Tmut           8%           14%         2

Your spell library contained the following spells:

 Spells                   Type           Power        Failure   Level
 Spider Form              Tmut/Pois      2%           38%         3
 Ice Form                 Ice/Tmut       4%           80%         4
 Blade Hands              Tmut           4%           94%         5


Dungeon Overview and Level Annotations

Branches:
Dungeon (3/15)

Altars:
Ashenzari


Innate Abilities, Weirdness & Mutations

You cannot wear most types of armour.
You are very stealthy in the water. (Stealth+)
You are amphibious.
You can wear up to eight rings at the same time.
You can use your tentacles to constrict eight enemies at once.
Your skin changes colour to match your surroundings (Stealth+).
Your rubbery body absorbs attacks. (AC +1, EV +1)
One of your tentacles bears a large vicious spike.


Message History

The adder skeleton bites you. The adder barely misses you.
You are too injured to fight recklessly!
You barely miss the adder. You grab the adder.
You squeeze the adder, but do no damage.
The adder is moderately wounded.
You constrict the adder, but do no damage.
The adder skeleton bites you.
* * * LOW HITPOINT WARNING * * *
The adder bites you.
* * * LOW HITPOINT WARNING * * *
You are more poisoned.
The adder poisons you!
You tentacle-slap the adder.
Your tentacle spike misses the adder.
The adder is severely wounded.
You constrict the adder.
* * * LOW HITPOINT WARNING * * *
You feel sick.
The adder skeleton completely misses you.
The adder bites you.
You die...

...........##.
.#..#..........
....(.........
#...........# ..
............# ## ..#
#...........## .###...
#.........#..###.#......
#......@Z.†....#...#....
#.....S.#..#............
#.......#........$##....
#.......#.####..........
#.......#.####..†.......
#.......#...............
###.#####..####.†...###
#. #.. #.....# ..##
#.<...#


You could see an adder and an adder skeleton.

Vanquished Creatures
  A worm (D:2)
  2 giant cockroaches
  2 goblins (D:2)
  A hobgoblin (D:2)
  6 bats
  A frilled lizard (D:1)
  2 rats (D:1)
15 creatures vanquished.

Notes
Turn   | Place    | Note
-------+----------+-------------------------------------------
     0 | D:1      | Zeld the Octopode Transmuter began the quest for the Orb.
     0 | D:1      | Reached XP level 1. HP: 13/13 MP: 3/3
   187 | D:1      | Found a broken altar of Ashenzari.
   572 | D:2      | Reached XP level 2. HP: 18/18 MP: 3/5
   575 | D:2      | Learned a level 2 spell: Wereblood
   725 | D:3      | Slain by an adder

Illustrated notes

Levels and vault maps discovered:
D:1:      dpeg_arrival_three_bigger_balls, layout_basic,
          nicolae_ashenzari_panopticon
D:2:      layout_basic, chequers_ecumenical_altar_grove
D:3:      layout_rooms, minmay_misc_feat_diagonals

Action                   || total
-------------------------++-------
Melee: Unarmed           ||    35
       Constrict         ||    12
       Tentacles         ||     7
       Kick              ||     4
       Punch             ||     1
 Cast: Beastly Appendage ||    11
 Stab: Sleeping          ||     2
Armor: Skin              ||     7
Dodge: Dodged            ||    34
